 Dungeon Crawl Stone Soup version 0.29-a0-294-g83ea962da3 (webtiles) character file.

Game seed: 4580652079575014964

2 Dabor the Sneak (level 1, 0/10 HPs)
             Began as a Kobold Enchanter on Mar 18, 2022.
             Slain by a quokka (3 damage)
             ... on level 1 of the Dungeon.
             The game lasted 00:00:11 (31 turns).

Dabor the Sneak (Kobold Enchanter)                    Turns: 31, Time: 00:00:11

Health: 0/10       AC:  2    Str:  5    XL:     1   Next: 33%
Magic:  3/3        EV: 15    Int: 16    God:
Gold:   0          SH:  0    Dex: 15    Spells: 4/4 levels left

rFire   . . .      SeeInvis .   a - +1 dagger
rCold   . . .      Faith    .   (no shield)
rNeg    . . .      Spirit   .   b - +0 robe
rPois   .          Reflect  .   (no helmet)
rElec   .          Harm     .   (no cloak)
rCorr   .          Rampage  .   (no gloves)
Will    .....                   (no boots)
Stlth   ++++......              (no amulet)
HPRegen 0.03/turn               (no ring)
MPRegen 0.08/turn               (no ring)

@: no status effects
A: small, no large weapons, nightstalker 3
a: no special abilities


You were on level 1 of the Dungeon.
You visited 1 branch of the dungeon, and saw 1 of its levels.

Inventory:

Hand Weapons
 a - a +1 dagger (weapon)
Armour
 b - a +0 robe (worn)
Scrolls
 d - a scroll of immolation {unknown}
Potions
 c - 2 potions of invisibility


   Skills:
 + Level 0.0 Fighting
 + Level 1.4 Short Blades
 + Level 2.4 Dodging
 + Level 4.0 Stealth
 + Level 2.2 Spellcasting
 + Level 3.0 Hexes


You had 4 spell levels left.
You didn't know any spells.
Your spell library contained the following spells:

 Spells                   Type           Power      Damage    Failure   Level
 Ensorcelled Hibernation  Hex/Ice        12%        N/A       17%         2
 Confusing Touch          Hex            11%        N/A       17%         3
 Tukima's Dance           Hex            11%        N/A       17%         3
 Dazzling Flash           Conj/Hex       12%        N/A       32%         3


Dungeon Overview and Level Annotations

Branches:
Dungeon (1/15)

Altars:


Innate Abilities, Weirdness & Mutations

You are small and have problems with some larger weapons.
You are completely attuned to the shadows.


Message History

You hit the frilled lizard.
You kill the frilled lizard!
d - a scroll labelled NIXKEDGH GOSA No target in view!
A quokka comes into view.
A quokka is nearby!
A quokka is nearby!
A kobold comes into view. It is wielding a +0 short sword.
The quokka bites you. The quokka closely misses you.
There are monsters nearby!
You hit the quokka but do no damage. The quokka barely misses you.
There are monsters nearby!
You hit the quokka.
The quokka is severely wounded.
The quokka misses you.
There are monsters nearby!
You miss the quokka.
The quokka is severely wounded.
The quokka bites you.
Ouch! That really hurt!
* * * LOW HITPOINT WARNING * * *
There are monsters nearby!
You are too injured to fight recklessly!
There are monsters nearby!
You are too injured to fight recklessly!
There are monsters nearby!
You are too injured to fight recklessly!
There are monsters nearby!
You are too injured to fight recklessly!
There are monsters nearby!
You are too injured to fight recklessly!
There are monsters nearby!
You are too injured to fight recklessly!
There are monsters nearby!
You are too injured to fight recklessly!
There are monsters nearby!
You closely miss the quokka.
The quokka is severely wounded.
The quokka bites you.
You die...

#.# #...
##########...#
.........†...
K######......).###
....@...##.#.....#
##.r#............##
...###.##.........###
... .................
## ...≈≈≈≈≈.≈≈≈≈≈.≈≈≈
##..≈≈≈...≈≈≈...≈≈
...≈.....≈.....≈
...≈≈≈≈≈.......
....<...


You could see a quokka and a kobold (asleep).

Vanquished Creatures
  A goblin (D:1)
  A frilled lizard (D:1)
2 creatures vanquished.

Notes
Turn   | Place    | Note
-------+----------+-------------------------------------------
     0 | D:1      | Dabor the Kobold Enchanter began the quest for the Orb.
     0 | D:1      | Reached XP level 1. HP: 10/10 MP: 3/3
    31 | D:1      | Slain by a quokka

Illustrated notes

Levels and vault maps discovered:
D:1:      onia_arrival_pyramid, layout_rooms, feat_on_display

Action                   || total
-------------------------++-------
Melee: Dagger            ||     7
 Stab: Sleeping          ||     1
Dodge: Dodged            ||     3

Table legend: (Time is in decaauts)
 A = Elapsed time spent in this place.
 B = Non-inter-level travel time spent in this place.
 C = Inter-level travel time spent in this place.
 D = Time resting spent in this place.
 E = Time spent auto-exploring this place.
 F = Levels seen in this place.
 G = Mean time per level.
                   A        B        C        D        E       F      G
               +--------+--------+--------+--------+--------+-----+--------+
         Total |     30 |     30 |      0 |      0 |     15 |   1 |   30.0 |
       Dungeon |     30 |     30 |      0 |      0 |     15 |   1 |   30.0 |
               +--------+--------+--------+--------+--------+-----+--------+

Top non-repeatable levels by time:
     D:1: 30 daAuts
